AoeStats
← Chorizo En Cajas

Fortress

509301284Analyzed
4v4 RM · 5d ago on Sep 26, 2026· 24m 8s· 8 players
Game mode
Random Map
Map size
Huge
Population
200
Speed
Normal
Resources
Standard
Victory
Conquest
Starting age
Dark Age
Ending age
Imperial Age
RankedLock teamsTeams togetherTeam positionsShared explorationLock speedFull tech treeHidden civsTurbo modeCheats
Victory
Defeat
🇲🇽 Teutons · Mexico
1121
+13
🇲🇽 Goths · Mexico
1099
+14
🇲🇽 Saxons · Mexico
1095
+14
🇲🇽 Britons · Mexico
1056
+16
🇬🇹 Magyars · Guatemala
1080
-15
🇰🇷 Japanese · South Korea
1048
-14
🇰🇷 Turks · South Korea
1046
-14
🇨🇳 Lithuanians · China
1043
-14
FeherFarkas
8:17 Feudal Age
9:50 Double-Bit Axe
12:41 Castle Age
10:35 Horse Collar
13:05 Wheelbarrow
15:06 Loom
18:41 Bow Saw
20:16 Fletching
21:30 Bodkin Arrow
22:53 Bloodlines
22:46 Padded Archer Armor
Pitcher
0:52 Loom
2:34 Loom
7:56 Feudal Age
13:00 Castle Age
11:12 Horse Collar
11:39 Double-Bit Axe
IceFish
1:14 Loom
7:09 Feudal Age
7:23 Feudal Age
8:10 Double-Bit Axe
8:15 Horse Collar
13:26 Castle Age
14:14 Heavy Plow
14:26 Bow Saw
15:35 Wheelbarrow
16:37 Hand Cart
21:52 Bloodlines
25:15 Imperial Age
23:04 Scale Barding Armor
light
8:22 Feudal Age
13:02 Castle Age
10:54 Double-Bit Axe
11:46 Horse Collar
14:18 Heavy Plow
17:08 Bow Saw
17:53 Wheelbarrow
18:32 Loom
Barquimides
8:52 Feudal Age
9:51 Double-Bit Axe
12:32 Castle Age
10:47 Gold Mining
11:17 Horse Collar
12:36 Clerical Recruitment
16:31 Bow Saw
18:08 Fletching
17:40 Elite Skirmisher
23:13 Wheelbarrow
Blutt_SWD
1:50 Loom
9:03 Feudal Age
12:51 Castle Age
10:41 Double-Bit Axe
15:11 Wheelbarrow
14:41 Horse Collar
16:40 Hand Cart
17:03 Heavy Plow
Chorizo En Cajas
0:40 Loom
7:18 Feudal Age
14:14 Castle Age
12:15 Double-Bit Axe
14:34 Fletching
14:55 Forging
17:04 Bow Saw
17:43 Pikeman
18:41 Squires
21:37 Bodkin Arrow
Mariostoteles
8:58 Feudal Age
9:58 Horse Collar
10:35 Double-Bit Axe
13:30 Castle Age
12:19 Gold Mining
12:38 Scale Mail Armor
14:18 Forging
19:48 Chain Mail Armor
20:58 Wheelbarrow
Connection lost

Rejoining the realm…

Still unreachable

The connection could not be restored.

Session expired

The server has moved on; the page needs a fresh start.